 Dungeon Crawl Stone Soup version 0.28-a0-1387-g3a22ab9bdc (webtiles) character file.

Game seed: 18248167851048682319

45 croobank the Sneak (level 3, -2/33 HPs)
             Began as a Draconian Delver on Jan 3, 2022.
             Slain by a sky beast (6 damage)
             ... on level 6 of the Dungeon.
             The game lasted 00:02:42 (444 turns).

croobank the Sneak (Draconian Delver)                Turns: 444, Time: 00:02:43

Health: -2/33      AC:  5    Str: 16    XL:     3   Next: 42%
Magic:  3/3        EV: 16    Int: 10    God:
Gold:   39         SH:  0    Dex: 12    Spells: 2/2 levels left

rFire   . . .      SeeInvis .   a - +0 hand axe
rCold   . . .      Faith    .   (no shield)
rNeg    . . .      Spirit   .   (armour unavailable)
rPois   .          Reflect  .   (helmet restricted)
rElec   .          Harm     .   (no cloak)
rCorr   .          Rampage  .   (no gloves)
Will    .....                   (no boots)
Stlth   +++.......              (no amulet)
HPRegen 0.11/turn               d - +4 ring of evasion
MPRegen 0.08/turn               (no ring)

@: no status effects
A: AC +5, unfitting armour, cold-blooded
a: no special abilities


You were on level 6 of the Dungeon.
You visited 1 branch of the dungeon, and saw 2 of its levels.

You collected 39 gold pieces.

Inventory:

Hand Weapons
 a - a +0 hand axe (weapon)
Missiles
 h - 18 stones (quivered)
Jewellery
 d - a +4 ring of evasion (left hand)
 e - a ring of ice
Wands
 f - a wand of digging (3)
Scrolls
 b - a scroll of fog
 c - a scroll of magic mapping
Potions
 g - a potion of might {unknown}


   Skills:
 + Level 3.8 Fighting
 + Level 2.5 Axes
 + Level 2.3 Dodging
 + Level 4.8 Stealth


You had 2 spell levels left.
You didn't know any spells.
Your spell library was empty.

Dungeon Overview and Level Annotations

Branches:
Dungeon (6/15)
 Temple: D:4-7

Altars:


Innate Abilities, Weirdness & Mutations

Your plain brown scales are hard. (AC +5)
You cannot fit into any form of body armour.
You are cold-blooded and may be slowed by cold attacks.


Message History

Found 18 stones.
You start resting.
HP restored.
You see here 18 stones.
You see here 18 stones.
h - 18 stones A scorpion comes into view.
Found a stone staircase leading down.
A sky beast comes into view.
You barely miss the sky beast. The sky beast barely misses you.
You hit the sky beast but do no damage.
The sky beast hits you but does no damage.
You barely miss the sky beast. The sky beast barely misses you.
The sky beast hits you. The sky beast shocks you.
You hit the sky beast.
The sky beast is moderately wounded.
The sky beast hits you but does no damage.
You hit the sky beast but do no damage.
The sky beast is moderately wounded.
The sky beast hits you but does no damage.
You miss the sky beast.
The sky beast is lightly wounded.
The sky beast barely misses you.
You closely miss the sky beast.
The sky beast is lightly wounded.
The sky beast hits you but does no damage.
You miss the sky beast.
The sky beast is lightly wounded.
The sky beast closely misses you.
You hit the sky beast but do no damage.
The sky beast is lightly wounded.
The sky beast hits you. The sky beast shocks you. The sky beast hits you.
The sky beast shocks you.
* * * LOW HITPOINT WARNING * * *
You slash the sky beast!
The sky beast is heavily wounded.
The sky beast hits you.
* * * LOW HITPOINT WARNING * * *
The sky beast shocks you.
You die...

#.#########
#.........#
#########.#
####.# #....#
#.#### #.#
##############.#
......Y@.......#
##############.#
###


You could see a sky beast.

Vanquished Creatures
  A water moccasin skeleton (D:6)
1 creature vanquished.

Notes
Turn   | Place    | Note
-------+----------+-------------------------------------------
     0 | D:5      | croobank the Draconian Delver began the quest for the Orb.
     0 | D:5      | Reached XP level 1. HP: 19/19 MP: 1/1
    18 | D:5      | Noticed a hound
    33 | D:5      | Noticed an iguana
    81 | D:5      | Noticed a hound
    85 | D:5      | Noticed an ice beast
   143 | D:6      | Reached XP level 2. HP: 8/27 MP: 2/2
   143 | D:6      | Reached XP level 3. HP: 10/33 MP: 3/3
   239 | D:6      | Noticed an ogre
   396 | D:6      | Noticed a scorpion
   431 | D:6      | Noticed a sky beast
   444 | D:6      | Slain by a sky beast

Illustrated notes

Levels and vault maps discovered:
D:5:      layout_loops_corners, uniq_menkaure
D:6:      layout_basic

Skill      XL: |  1 |
---------------+----+-----
Dodging        | 2 |  2.3
Fighting       | |  3.8
Axes           | |  2.5
Stealth        | |  4.8

Action                   || total
-------------------------++-------
Melee: Hand axe          ||    22
       Tailslap          ||     2
  Use: Scroll            ||     1
       Potion            ||     1
 Stab: Sleeping          ||     1
Armor: Skin              ||     7
Dodge: Dodged            ||    17

Table legend: (Time is in decaauts)
 A = Elapsed time spent in this place.
 B = Non-inter-level travel time spent in this place.
 C = Inter-level travel time spent in this place.
 D = Time resting spent in this place.
 E = Time spent auto-exploring this place.
 F = Levels seen in this place.
 G = Mean time per level.
                   A        B        C        D        E       F      G
               +--------+--------+--------+--------+--------+-----+--------+
         Total |    426 |    426 |      0 |    156 |     14 |   2 |  213.0 |
       Dungeon |    426 |    426 |      0 |    156 |     14 |   2 |  213.0 |
               +--------+--------+--------+--------+--------+-----+--------+

Top non-repeatable levels by time:
     D:6: 305 daAuts
     D:5: 121 daAuts
